 Dungeon Crawl Stone Soup version 0.30-a0-223-gcb0039aa0c (webtiles) character file.

Game seed: 10453366779611394245

27 tilp the Insei (level 3, -2/29 HPs)
             Began as a Meteoran Transmuter on Oct 9, 2022.
             Succumbed to Jessica's poison
             ... on level 2 of the Dungeon.
             The game lasted 00:01:45 (237 turns).

tilp the Insei (Meteoran Transmuter)                 Turns: 237, Time: 00:01:45

Health: -2/29      AC:  2    Str: 14    XL:     3   Next: 44%
Magic:  4/8        EV: 13    Int: 14    God:
Gold:   0          SH:  0    Dex: 14    Spells: 5/8 levels left

rFire   . . .      SeeInvis .      - Unarmed
rCold   . . .      Faith    .    (no shield)
rNeg    . . .      Spirit   .    a - +0 robe
rPois   .          Reflect  .    (helmet currently unavailable)
rElec   .          Harm     .    (no cloak)
rCorr   .          Rampage  .    (no gloves)
Will    .....                    (boots currently unavailable)
Stlth   +.........               (no amulet)
HPRegen 0.24/turn                (no ring)
MPRegen 0.11/turn                (no ring)

@: lethally poisoned (-2 -> -18), appendages, wereblooded, glowing
A: horns 2, talons 2, sense surroundings 1, otherworldly, glowing, explore regen
a: End Transformation


You were on level 2 of the Dungeon.
You had temporarily grown beastly horns and talons.
You visited 1 branch of the dungeon, and saw 2 of its levels.

Inventory:

Missiles
 e - 4 boomerangs
 f - 3 poisoned darts
 g - 7 stones
Armour
 a - a +0 robe (worn)
Scrolls
 d - a scroll of amnesia {unknown}
 h - a scroll of poison {unknown}
 j - a scroll of identify {unknown}
Potions
 b - a potion of lignification
 c - a potion of ambrosia {unknown}
 i - a potion of attraction {unknown}
 k - a potion of curing {unknown}


   Skills:
 + Level 1.7 Fighting
 + Level 2.9 Dodging
 + Level 4.0 Unarmed Combat
 - Level 3.0 Spellcasting
 + Level 2.9 Transmutations


You had 5 spell levels left.
You knew the following spells:

 Your Spells              Type           Power      Damage    Failure   Level
a - Beastly Appendage     Tmut           20%        N/A       6%          1
b - Wereblood             Tmut           10%        N/A       10%         2

Your spell library contained the following spells:

 Spells                   Type           Power      Damage    Failure   Level
 Blink                    Tloc           4%         N/A       32%         2
 Spider Form              Tmut/Pois      6%         N/A       34%         3
 Ice Form                 Ice/Tmut       6%         N/A       75%         4
 Manifold Assault         Tloc           2%         N/A       91%         4
 Storm Form               Tmut/Air       3%         N/A       100%        7


Dungeon Overview and Level Annotations

Branches:
Dungeon (2/15) Zot: 965

Altars:

Annotations:
D:2 Jessica


Innate Abilities, Weirdness & Mutations

You have temporarily grown beastly horns and talons.
You passively map a small area around you.
You are easily found by Zot.
You glow in the dark.
You regain HP and MP as you explore.


Message History

The hobgoblin is heavily wounded.
The hobgoblin misses you.
You closely miss the hobgoblin.
The hobgoblin is heavily wounded.
The hobgoblin hits you.
You barely miss the hobgoblin.
The hobgoblin is heavily wounded.
The hobgoblin closely misses you.
You hit the hobgoblin.
You kill the hobgoblin!
You barely miss the hobgoblin. The hobgoblin completely misses you.
Jessica the Apprentice Sorceress comes into view.
She is wielding a +2 dagger of venom.
Casting: Beastly Appendage (safe; 6% risk of failure)
Confirm with . or Enter, or press ? or * to list all spells.
You grow a pair of large bovine horns.
Your feet morph into talons.
Jessica shouts!
The hobgoblin hits you.
Unknown command.
Casting: Beastly Appendage (safe; 6% risk of failure)
Confirm with . or Enter, or press ? or * to list all spells.
Your blood is infused with primal strength.
Jessica points at you and mumbles some strange words.
You resist with some effort. The hobgoblin hits you.
Unknown command.
You closely miss the hobgoblin. You claw the hobgoblin.
You feel a bit better.
You kill the hobgoblin!
Jessica hits you with a +2 dagger of venom.
* * * LOW HITPOINT WARNING * * *
You are poisoned.
Your Unarmed Combat skill increases to level 4!
Jessica attacks as you move away!
Jessica hits you with a +2 dagger of venom.
* * * LOW HITPOINT WARNING * * *
You are more poisoned.
* * * LOW HITPOINT WARNING * * *
You feel very sick.
You see here a hobgoblin corpse.
You hit Jessica. You claw Jessica.
Jessica is moderately wounded.
You die...

### * #.. ,*
#.# * ,, #.#
*
#.#######..#
#..@@.......
#..#####...#
* #).# * ,#
#.<# , ***
##)# ,, #.#
* #.......#
#######.# ,


You could see Jessica.

Vanquished Creatures
  Robin (D:2)
  A dart slug (D:2)
  4 goblins
  4 hobgoblins
  A ball python (D:1)
  A bat (D:2)
  A frilled lizard (D:1)
  A kobold (D:2)
  A rat (D:1)
15 creatures vanquished.

Notes
Turn   | Place    | Note
-------+----------+-------------------------------------------
     0 | D:1      | tilp the Meteoran Transmuter began the quest for the Orb.
     0 | D:1      | Reached XP level 1. HP: 16/16 MP: 5/5
   177 | D:1      | Reached XP level 2. HP: 12/23 MP: 6/6
   193 | D:2      | Noticed Robin
   199 | D:2      | Learned a level 2 spell: Wereblood
   208 | D:2      | Killed Robin
   209 | D:2      | Reached XP level 3. HP: 19/28 MP: 4/8
   232 | D:2      | Noticed Jessica
   236 | D:2      | Reached skill level 4 in Unarmed Combat
   237 | D:2      | Succumbed to Jessica's poison

Illustrated notes

Levels and vault maps discovered:
D:1:      psy_arrival_statuary, layout_basic
D:2:      kennysheep_big_flooded_room, layout_loops_corners, uniq_natasha,
          uniq_jessica, uniq_robin

Skill      XL: |  1  2  3 |
---------------+----------+-----
Spellcasting   | 3 |  3.0
Unarmed Combat | 4 |  4.0
Fighting       | |  1.7
Dodging        | |  2.9
Transmutations | |  2.9

Action                   || total
-------------------------++-------
Melee: Unarmed           ||    42
       Kick              ||     7
 Cast: Beastly Appendage ||     5
       Wereblood         ||     2
Armor: Robe              ||     5
Dodge: Dodged            ||    19

Table legend: (Time is in decaauts)
 A = Elapsed time spent in this place.
 B = Non-inter-level travel time spent in this place.
 C = Inter-level travel time spent in this place.
 D = Time resting spent in this place.
 E = Time spent auto-exploring this place.
 F = Levels seen in this place.
 G = Mean time per level.
                   A        B        C        D        E       F      G
               +--------+--------+--------+--------+--------+-----+--------+
         Total |    234 |    234 |      0 |      0 |      0 |   2 |  117.0 |
       Dungeon |    234 |    234 |      0 |      0 |      0 |   2 |  117.0 |
               +--------+--------+--------+--------+--------+-----+--------+

Top non-repeatable levels by time:
     D:1: 176 daAuts
     D:2: 57 daAuts
